 Dungeon Crawl Stone Soup version 0.20.1-1-g8b1a95d (webtiles) character file.

827 torrenera the Cutter (level 7, -1/32 HPs)
             Began as a Vine Stalker Enchanter on Aug 31, 2017.
             Was a Believer of Cheibriados.
             Killed from afar by Dowan (4 damage)
             ... with a puff of flame
             ... on level 6 of the Dungeon.
             The game lasted 00:16:03 (5096 turns).

torrenera the Cutter (Vine Stalker Enchanter)       Turns: 5096, Time: 00:16:05

Health: -1/32      AC:  4    Str: 16    XL:     7   Next: 97%
Magic:  0/20       EV: 12    Int: 20    God:    Cheibriados [**....]
Gold:   27         SH:  0    Dex: 21    Spells: 1/10 levels left

rFire    . . .     SeeInvis .   a - +0 short sword (holy)
rCold    . . .     Gourm    .   (no shield)
rNeg     . . .     Faith    .   A - +1 robe {MR+}
rPois    .         Spirit   +   (no helmet)
rElec    .         Reflect  .   K - scarf {cloud immunity}
rCorr    .         Harm     .   h - +0 pair of gloves
MR       +....                  (no boots)
Stlth    ++........             (no amulet)
Regen    0.5/turn               n - ring of magical power
MPRegen  0.2/turn               (no ring)

@: about to teleport, very slightly contaminated, glowing, very slow
A: fangs 2, regeneration 1, magic shield, antimagic bite, no potion heal 3, rot
immunity
a: Bend Time, Renounce Religion


You were on level 6 of the Dungeon.
You worshipped Cheibriados.
Cheibriados was pleased with you.
You were very hungry.

You visited 1 branch of the dungeon, and saw 6 of its levels.

You collected 399 gold pieces.
You spent 372 gold pieces at shops.

Inventory:

Hand Weapons
 a - a +0 short sword of holy wrath (weapon)
 b - a +0 hunting sling
 G - a +1 dagger
Missiles
 g - 8 needles of confusion
 t - 185 stones (quivered)
 C - 3 tomahawks
 H - 24 poisoned needles
 I - 14 sling bullets
Armour
 h - a +0 pair of gloves (worn)
 A - a +1 robe of magic resistance (worn)
 K - a scarf of cloud immunity (worn)
Jewellery
 n - a ring of magical power (left hand)
Wands
 u - a wand of disintegration (10/24)
 B - a wand of flame (14/48)
 D - a wand of acid (7/15)
Scrolls
 e - 3 scrolls of amnesia
 f - a scroll of immolation {unknown}
 j - 5 scrolls of teleportation
 l - a scroll of fog {unknown}
 q - a scroll of fear {unknown}
 s - 3 scrolls of remove curse
 v - a scroll of magic mapping {unknown}
 y - a scroll of recharging
Potions
 m - 2 potions of curing
 o - 2 potions of heal wounds
 p - a potion of invisibility
 x - a potion of might
 z - 4 potions of cancellation
 E - a potion of brilliance
 L - a potion of agility
Books
 c - a book of Maledictions

   Spells                             Type                      Level
   a - Corona                         Hexes                        1
   b - Ensorcelled Hibernation        Hexes/Ice                    2
   c - Confuse                        Hexes                        3
   d - Tukima's Dance                 Hexes                        3
   e - Dazzling Spray                 Conjuration/Hexes            3
 J - a book of Conjurations

   Spells                             Type                      Level
   a - Magic Dart                     Conjuration                  1
   b - Searing Ray                    Conjuration                  2
   c - Dazzling Spray                 Conjuration/Hexes            3
   d - Fulminant Prism                Conjuration/Hexes            4
   e - Force Lance                    Conjuration/Translocation    4
   f - Iskenderun's Mystic Blast      Conjuration                  4
Comestibles
 d - 4 bread rations
 i - 3 meat rations
 k - 3 fruits
 w - 2 royal jellies


   Skills:
 * Level 6.7 Short Blades
 - Level 1.5 Dodging
 - Level 6.0 Stealth
 - Level 2.1 Spellcasting
 * Level 3.8 Hexes


You had one spell level left.
You knew the following spells:

 Your Spells              Type           Power        Failure   Level  Hunger
a - Corona                Hex            ###....      3%          1    #......
b - Ensorcelled Hibernat  Hex/Ice        #.....       11%         2    ##.....
c - Confuse               Hex            ###.....     10%         3    ###....
d - Tukima's Dance        Hex            ###.....     10%         3    ###....


Dungeon Overview and Level Annotations

Branches:
Dungeon (6/15)
 Temple: D:4-7

Altars:
Cheibriados
Hepliaklqana
Nemelex Xobeh
Qazlal
Ru
Sif Muna
Yredelemnul

Shops:
D:4 ?   D:5 [   D:6 *

Annotations:
D:6 Dowan, Duvessa


Innate Abilities, Weirdness & Mutations

You have extremely sharp teeth.
Your natural rate of healing is unusually fast.
When hurt, damage is shared between your health and your magic reserves.
Your bite disrupts and absorbs the magic of your enemies.
Potions cannot restore your health.
You are immune to rotting.


Message History

Dowan points at you and mumbles some strange words.
The puff of frost hits you!
Casting: Ensorcelled Hibernation
Confirm with . or Enter, or press ? or * to list all spells.
Aiming: Ensorcelled Hibernation
Press: ? - help, Shift-Dir - straight line, f/p - Duvessa
Aim: Duvessa, wielding a short sword and wearing a leather armour (fast, chance to defeat MR: 24%)
You miscast Ensorcelled Hibernation.
Strange energies run through your body. Duvessa hits you with a short sword.
Dowan points at you and mumbles some strange words.
The puff of flame hits you!
* * * LOW HITPOINT WARNING * * *
As you read the scroll of teleportation, it crumbles to dust.
You feel strangely unstable. Duvessa hits you with a short sword.
* * * LOW HITPOINT WARNING * * *
Duvessa hits you with a short sword.
* * * LOW HITPOINT WARNING * * *
Dowan points at you and mumbles some strange words.
The puff of flame hits you!
You die...

# ########## # #........#
# ###########........# .
# #>[................##..
###......(..............
#........####........##..
#........####...@e.......
#........).##....e.......
#...###..∩.########......
#...# #....# .....
#.########## .... #.....#
..( ......# .. ......# .
......#


You could see Duvessa and Dowan.

Vanquished Creatures
  Edmund (D:5)
  An ogre (D:4)
  A centaur (D:6)
  2 crimson imps
  A bullfrog skeleton (D:5)
  An orc priest (D:5)
  A hound (D:4)
  2 iguanas (D:5)
  2 orc wizards (D:5)
  4 worker ants
  A hound zombie (D:5)
  3 gnolls (D:4)
  4 adders
  2 oozes (D:4)
  2 worms
  2 dart slugs
  2 leopard geckos
  13 orcs
  7 giant cockroaches
  6 goblins
  11 hobgoblins
  9 jackals
  A quokka (D:3)
  3 ball pythons
  10 bats
  3 frilled lizards
  6 kobolds
  A leopard gecko skeleton (D:5)
  A quokka skeleton (D:4)
  2 rats
105 creatures vanquished.

Notes
Turn   | Place    | Note
-------+----------+-------------------------------------------
     0 | D:1      | torrenera the Vine Stalker Enchanter began the quest for the Orb.
     0 | D:1      | Reached XP level 1. HP: 9/9 MP: 4/4
    44 | D:1      | Reached skill level 1 in Short Blades
   402 | D:1      | Reached XP level 2. HP: 8/13 MP: 4/6
   664 | D:1      | Learned a level 2 spell: Ensorcelled Hibernation
  1058 | D:1      | Reached XP level 3. HP: 16/16 MP: 7/7
  1450 | D:2      | Found a snail-covered altar of Cheibriados.
  1501 | D:2      | Became a worshipper of Cheibriados the Contemplative
  2091 | D:2      | Gained mutation: Your natural rate of healing is unusually fast. [Vine Stalker growth]
  2091 | D:2      | Reached XP level 4. HP: 21/21 MP: 8/8
  2139 | D:2      | Found a sacrificial altar of Ru.
  2253 | D:2      | Noticed an earth elemental
  2255 | D:2      | Found a stormy altar of Qazlal.
  2256 | D:2      | Noticed a water elemental
  2256 | D:2      | Noticed a fire elemental
  2256 | D:2      | Noticed an air elemental
  2316 | D:2      | Found a hazy altar of Hepliaklqana.
  2494 | D:3      | Reached * piety under Cheibriados
  2940 | D:4      | Learned a level 3 spell: Confuse
  3046 | D:4      | Reached XP level 5. HP: 24/24 MP: 6/9
  3213 | D:4      | Reached skill level 5 in Stealth
  3355 | D:4      | Found a sparkling altar of Nemelex Xobeh.
  3420 | D:4      | Found Biemno Iriji's Magic Scroll Shop.
  3428 | D:4      | Bought a scroll of remove curse for 42 gold pieces
  3428 | D:4      | Bought a scroll of identify for 28 gold pieces
  3428 | D:4      | Bought a scroll of teleportation for 42 gold pieces
  3437 | D:4      | Noticed an ogre
  3544 | D:4      | Reached XP level 6. HP: 26/28 MP: 9/10
  3791 | D:4      | Reached ** piety under Cheibriados
  4042 | D:5      | Entered Level 5 of the Dungeon
  4047 | D:5      | Learned a level 3 spell: Tukima's Dance
  4059 | D:5      | Found a basalt altar of Yredelemnul.
  4083 | D:5      | Noticed Edmund
  4086 | D:5      | Killed Edmund
  4086 | D:5      | Reached skill level 5 in Short Blades
  4086 | D:5      | Reached XP level 7. HP: 32/32 MP: 11/11
  4248 | D:5      | Found Pecieh's Antique Armour Emporium.
  4404 | D:5      | Bought an embroidered scarf for 208 gold pieces
  4958 | D:6      | Found Rayvaosa's General Store.
  4967 | D:6      | Bought a scroll of identify for 26 gold pieces
  4967 | D:6      | Bought a scroll of identify for 26 gold pieces
  5020 | D:6      | Found a deep blue altar of Sif Muna.
  5042 | D:6      | Noticed Dowan
  5086 | D:6      | Noticed Duvessa
  5096 | D:6      | Killed from afar by Dowan

Skill      XL: |  1  2  3  4  5  6  7 |
---------------+----------------------+-----
Short Blades   | 1 2 3 4 5 6 |  6.7
Stealth        | 4 5 6 |  6.0
Dodging        | |  1.5
Spellcasting   | |  2.1
Hexes          | |  3.8

Action                   |  1- 3 |  4- 6 |  7- 9 || total
-------------------------+-------+-------+-------++-------
Melee: Dagger            |   138 |   174 |    41 ||   353
       Bite              |    31 |    47 |    22 ||   100
       Short sword       |       |       |    13 ||    13
 Fire: Hunting sling     |       |    41 |    25 ||    66
 Cast: Ensorcelled Hiber |     1 |    23 |    16 ||    40
       Corona            |       |     3 |       ||     3
Evoke: Wand              |       |       |     3 ||     3
  Use: Potion            |     3 |       |       ||     3
       Scroll            |       |       |     9 ||     9
 Stab: Sleeping          |     5 |    12 |     9 ||    26
       Distracted        |       |     2 |       ||     2
  Eat: Chunk             |     4 |     6 |     1 ||    11
Armor: Robe              |    26 |    43 |     7 ||    76
Dodge: Dodged            |    86 |   121 |    24 ||   231
